 Dungeon Crawl Stone Soup version 0.30-a0-918-g0ff054e9dc (webtiles) character file.

Game seed: 12715848583028189535

42 Lobster4 the Caller (level 3, -7/20 HPs)
             Began as a Tengu Summoner on Mar 20, 2023.
             Killed by divine providence
             ... invoked by an orc priest
              (11 damage)
             ... on level 3 of the Dungeon.
             The game lasted 00:04:07 (1794 turns).

Lobster4 the Caller (Tengu Summoner)                Turns: 1794, Time: 00:04:07

Health: -7/20      AC:  2    Str:  8    XL:     3   Next: 56%
Magic:  5/7        EV: 12    Int: 17    God:
Gold:   112        SH:  0    Dex: 14    Spells: 3/6 levels left

rFire   . . .      SeeInvis .    n - +1 spear (venom)
rCold   . . .      Faith    .    (no shield)
rNeg    . . .      Spirit   .    a - +0 robe
rPois   .          Reflect  .    (helmet restricted)
rElec   .          Rampage  .    (no cloak)
rCorr   .                        (no gloves)
Will    .....                    (boots unavailable)
Stlth   ++                       (no amulet)
HPRegen 0.23/turn                (no ring)
MPRegen 0.10/turn                (no ring)

@: no status effects
A: beak, talons 3
a: no special abilities


You were on level 3 of the Dungeon.
You visited 1 branch of the dungeon, and saw 3 of its levels.

You collected 112 gold pieces.

Inventory:

Hand Weapons
 e - a +0 dagger
 n - a +1 spear of venom (weapon)
Missiles
 g - 2 poisoned darts (quivered)
 j - 12 stones
Armour
 a - a +0 robe (worn)
 f - a +0 ring mail
 i - a +0 leather armour
Scrolls
 k - 2 scrolls of enchant weapon {unknown}
 m - 2 scrolls of identify {unknown}
 o - a scroll of enchant armour {unknown}
 p - a scroll of amnesia {unknown}
 r - a scroll of teleportation {unknown}
Potions
 b - a potion of magic
 c - a potion of mutation {unknown}
 d - a potion of curing {unknown}
 h - 2 potions of heal wounds {unknown}
 l - a potion of brilliance {unknown}
 q - a potion of haste {unknown}


   Skills:
 + Level 0.9 Fighting
 + Level 1.0 Short Blades
 + Level 0.2 Polearms
 + Level 2.7 Dodging
 - Level 2.0 Stealth
 + Level 2.2 Spellcasting
 * Level 5.3 Summonings


You had 3 spell levels left.
You knew the following spells:

 Your Spells              Type           Power      Damage    Failure   Level
a - Summon Small Mammal   Summ           80%        N/A       2%          1
b - Call Imp              Summ           20%        N/A       3%          2

Your spell library contained the following spells:

 Spells                   Type           Power      Damage    Failure   Level
 Call Canine Familiar     Summ           20%        N/A       6%          3
 Summon Guardian Golem    Hex/Summ       10%        N/A       19%         3
 Summon Lightning Spire   Summ/Air       10%        N/A       54%         4


Dungeon Overview and Level Annotations

Branches:
Dungeon (3/15)

Altars:


Innate Abilities, Weirdness & Mutations

You have a beak for a mouth.
You have claws for feet.


Message History

r - a scroll labelled DEMIHUX HEXULE Your white imp disappears in a puff of smoke!
Done exploring.
Done exploring.
Search for what [Enter for "."]? .
There is a stone staircase leading down here.
Okay, then.
You climb downwards.
There is a stone staircase leading up here.
There is a stone staircase leading up here. 2 orcs and an orc priest come into view.
An orc is wielding a +1 flail of protection.
You reach to attack!
The helpless orc priest fails to defend itself.
You hit the orc priest but do no damage.
The orc priest is poisoned.
The orc priest hits you with a +0 dagger.
Casting: Call Imp (safe; 3% risk of failure)
Confirm with . or Enter, or press ? or * to list all spells.
The orc priest mumbles some strange prayers to Beogh against you.
Beogh smites you!
Ouch! That really hurt!
* * * LOW HITPOINT WARNING * * *
You hear a shout!
Unknown command.
Casting: Summon Small Mammal (safe; 2% risk of failure)
Confirm with . or Enter, or press ? or * to list all spells.
Your bat hits the orc priest but does no damage.
Your bat barely misses the orc priest.
The orc priest hits you with a +0 dagger.
* * * LOW HITPOINT WARNING * * *
Your bat hits the orc priest but does no damage.
Unknown command.
You swap places.
Your bat hits the orc priest but does no damage.
Your bat hits the orc priest.
Your bat barely misses the orc priest.
The orc priest calls down the wrath of Beogh upon you.
Beogh smites you!
Ouch! That really hurt!
You die...

###.#
#...#
#.### #.#
#.# #.#
#.# #.#
#@# ####o
#b#......
#bo.o#
###..#
.....
.##.# .#
# . ##


You could see an orc priest (poisoned, ally target) and 2 friendly bats.

Vanquished Creatures
  A worm (D:2)
  5 orcs (D:2)
  3 endoplasms
  A giant cockroach (D:1)
  A hobgoblin (D:1)
  4 ball pythons (D:2)
  4 bats (D:2)
  A frilled lizard (D:2)
  A goblin (D:1)
  3 rats
24 creatures vanquished.

Vanquished Creatures (collateral kills)
  A dart slug (D:1)
  An endoplasm (D:1)
  A giant cockroach (D:1)
  A bat (D:1)
  4 frilled lizards
  A kobold (D:1)
  2 rats
11 creatures vanquished.

Grand Total: 35 creatures vanquished

Notes
Turn   | Place    | Note
-------+----------+-------------------------------------------
     0 | D:1      | Lobster4 the Tengu Summoner began the quest for the Orb.
     0 | D:1      | Reached XP level 1. HP: 10/10 MP: 4/4
   467 | D:1      | Reached skill level 5 in Summonings
   467 | D:1      | Reached XP level 2. HP: 16/16 MP: 3/6
   470 | D:1      | Learned a level 2 spell: Call Imp
   743 | D:1      | Found a faded altar of an unknown god.
  1225 | D:2      | Reached XP level 3. HP: 20/20 MP: 7/7
  1345 | D:2      | Reached skill level 1 in Short Blades
  1794 | D:3      | Killed from afar by an orc priest

Illustrated notes

Levels and vault maps discovered:
D:1:      ebering_trefoil_3fold, layout_basic, shapermc_ecumenical_altar_ellora,
          st_stairs_6, roderic_roman_lattice, minmay_pentomino_o2
D:2:      layout_rooms, patterned_corridor
D:3:      layout_loops_cross, gammafunk_temple_of_torment,
          minmay_fractal_squares_5

Skill      XL: |  1  2  3 |
---------------+----------+-----
Summonings     | 5 |  5.3
Short Blades   | 1 |  1.0
Fighting       | |  0.9
Polearms       | |  0.2
Dodging        | |  2.7
Stealth        | |  2.0
Spellcasting   | |  2.2

Action                     || total
---------------------------++-------
  Melee: Dagger            ||    27
         Kick              ||     9
         Peck              ||     7
         Unarmed           ||     1
         Spear             ||    20
   Cast: Summon Small Mamm ||    32
         Call Imp          ||     1
   Stab: Sleeping          ||     6
         Distracted        ||     2
 Armour: Robe              ||    10
  Dodge: Dodged            ||    25

Table legend: (Time is in decaauts)
 A = Elapsed time spent in this place.
 B = Non-inter-level travel time spent in this place.
 C = Inter-level travel time spent in this place.
 D = Time resting spent in this place.
 E = Time spent auto-exploring this place.
 F = Levels seen in this place.
 G = Mean time per level.
                   A        B        C        D        E       F      G
               +--------+--------+--------+--------+--------+-----+--------+
         Total |   1794 |   1732 |     62 |      0 |   1444 |   3 |  598.0 |
       Dungeon |   1794 |   1732 |     62 |      0 |   1444 |   3 |  598.0 |
               +--------+--------+--------+--------+--------+-----+--------+

Top non-repeatable levels by time:
     D:1: 1062 daAuts
     D:2: 706 daAuts
     D:3: 25 daAuts
